Map: Reclamation LE

Players

SPYcom

  • Race: Terran Terran
  • Spawn Location: 6:00

sheeshkee

  • Race: Zerg Zerg
  • League: Platinum
  • Spawn Location: 5:00

MattBarry - Winner!

  • Race: Protoss Protoss
  • League: Gold
  • Spawn Location: 12:00

MattBarry - Winner!

  • Race: Zerg Zerg
  • League: Silver
  • Spawn Location: 11:00

VOD

Have the link to the VOD?

Description

Time

  • Played on: Jan. 19, 2023, 11:59 p.m.
  • Length: 17:24
Show
View Real Time Build Order
Export as new Build Order

SPYcom Terran 

Build Orders: 2 Factory 

Get SALT Encoding   

  12  0:00  SCV  
  13  0:13  SCV  
  14  0:22  Supply Depot  
  14  0:25  SCV  
  15  0:34  Refinery  
  15  0:44  SCV  
  15  0:48  Barracks  
  16  0:56  SCV  
  17  0:59  Refinery  
  17  1:08  SCV  
  18  1:20  SCV  
  19  1:36  Orbital Command  
  19  1:37  Marine  
  20  1:42  Supply Depot  
  20  1:46  Factory  
  20  1:55  Marine  
  21  2:02  SCV  
  21  2:07  Factory  
  22  2:14  SCV  
  23  2:15  Marine  
  24  2:23  Supply Depot  
  24  2:36  Marine  
  25  2:43  Factory Reactor  
  25  2:44  SCV  
  26  3:03  Supply Depot  
  26  3:04  Marine  
  27  3:09  Factory Tech Lab  
  27  3:14  Supply Depot  
  26  3:25  Marine  
  25  3:37  Widow Mine x2  
  25  3:40  Siege Tank  
  32  3:42  Marine  
  33  3:49  Engineering Bay  
  33  3:59  Widow Mine  
  33  4:00  Marine  
  35  4:12  Siege Tank  
  33  4:18  Marine  
  34  4:36  Marine, SCV  
  36  4:52  Siege Tank  
  39  4:54  Marine  
  40  5:12  Marine  
  41  5:25  Command Center  
  41  5:29  Marine  
  45  5:42  Siege Tank  
  45  5:44  Widow Mine x2  
  45  5:47  Marine  
  48  6:13  Marine  
  49  6:31  Marine  
  53  6:40  Widow Mine x2, Siege Tank  
  57  6:49  Marine  
  48  7:15  Marine  
  39  7:17  Siege Tank  
  39  7:18  Widow Mine x2  
  45  7:33  Marine  
  46  7:39  Widow Mine  
  46  7:40  Widow Mine  
  50  7:46  Orbital Command  
  50  7:47  Supply Depot  
  50  7:50  SCV  
  50  7:51  Marine  
  47  8:02  SCV  
  48  8:08  Marine  
  49  8:14  SCV  
  50  8:26  Marine, SCV  
  52  8:30  Siege Tank  
  55  8:38  SCV  
  56  8:44  Marine  
  45  9:01  SCV, Refinery  
  45  9:02  Marine, SCV, Refinery  
  48  9:11  Armory  
  48  9:12  Hellion  
  48  9:13  SCV  
  48  9:14  SCV  
  52  9:20  Marine  
  52  9:25  SCV  
  52  9:26  SCV  
  54  9:33  Hellion  
  54  9:37  SCV  
  49  9:43  Barracks Reactor  
  43  9:49  SCV  
  44  10:03  Factory  
  39  10:07  Barracks  
  39  10:11  SCV  
  38  10:23  SCV  
  38  10:24  Marine x2  
  41  10:29  Siege Tank  
  41  10:35  SCV  
  45  10:36  Terran Infantry Weapons Level 1  
  45  10:42  Marine x2  
  47  10:43  Hellion  
  47  10:44  Hellion  
  47  10:47  SCV, Factory Tech Lab  
  52  10:59  Marine, SCV  
  52  11:00  Marine  
  52  11:01  Hellion  
  57  11:08  Siege Tank  
  60  11:11  SCV  
  60  11:15  Barracks Tech Lab  
  60  11:17  Marine x2  
  63  11:21  Hellion x2  
  63  11:22  Siege Tank  
  63  11:24  SCV  
  71  11:26  SCV  
  71  11:32  Supply Depot  
  72  11:35  Marine x2, Terran Vehicle Weapons Level 1  
  72  11:36  SCV  
  72  11:38  SCV  
  76  11:40  Supply Depot  
  76  11:41  Supply Depot  
  76  11:47  Hellion  
  76  11:53  Marine x2  
  76  11:54  Hellion, SCV, Siege Tank  
  86  11:57  Supply Depot  
  86  12:01  Marine, SCV  
  88  12:11  Marine x2  
  90  12:18  Siege Tank  
  90  12:19  Marine  
  90  12:20  Hellion  
  96  12:26  Siege Tank  
  96  12:29  Marine x2  
  101  12:31  Supply Depot  
  101  12:33  Terran Infantry Armor Level 1  
  101  12:37  Marine  
  102  12:45  Combat Shield  
  102  12:47  Marine x2  
  104  12:55  Marine  
  105  12:59  Supply Depot  
  105  13:00  SCV  
  105  13:05  Marine x2  
  108  13:08  Hellion x3  
  108  13:09  Hellion  
  108  13:12  Marine, SCV  
  118  13:22  Marine  
  118  13:23  Marauder  
  121  13:29  Hellion  
  121  13:30  Marine, Hellion  
  126  13:40  Marine  
  95  14:12  Marine  
  95  14:13  Marine, Marauder  
  95  14:14  Siege Tank x2  
  95  14:16  Hellion  
  106  14:30  Marine x2  
  108  14:34  Marauder  
  110  14:39  Starport, SCV  
  110  14:40  Terran Infantry Weapons Level 2  
  110  14:42  Starport  
  110  14:44  Supply Depot  
  111  14:46  Siege Tank x2  
  111  14:48  Marine  
  111  14:51  SCV  
  119  14:56  Marauder  
  121  15:01  Command Center  
  121  15:03  SCV  
  122  15:17  Marauder  
  122  15:18  Thor, Siege Tank  
  133  15:40  Marauder  
  105  16:02  Marine x2  
  105  16:03  Marauder  
  74  16:05  Siege Tank x2  
  78  16:20  Marine x2  
  78  16:24  Marauder  
  82  16:26  Starport Reactor x2  
  82  16:38  Marine x2  
  84  16:46  Marauder  
  86  16:50  Siege Tank  
  95  16:56  Marine x2  
Show
View Real Time Build Order
Export as new Build Order

sheeshkee Zerg 

Build Orders: Pool First 

Get SALT Encoding   

  12  0:00  Drone  
  13  0:15  Overlord  
  13  0:17  Drone  
  14  0:34  Drone x2  
  16  0:40  Drone  
  17  0:45  Spawning Pool  
  16  0:54  Drone  
  17  1:10  Hatchery  
  16  1:14  Drone  
  17  1:18  Extractor  
  17  1:19  Drone  
  17  1:23  Drone  
  18  1:32  Zergling x2  
  19  1:36  Queen  
  21  1:43  Overlord  
  21  1:54  Drone  
  22  2:04  Drone  
  23  2:12  Queen  
  23  2:15  Drone  
  26  2:23  Roach Warren, Drone  
  26  2:26  Drone  
  27  2:35  Zergling x2  
  28  2:43  Drone  
  29  2:44  Spine Crawler  
  26  3:06  Roach x5  
  36  3:14  Overlord x2  
  36  3:21  Lair  
  35  3:35  Roach  
  35  3:36  Roach  
  35  3:40  Drone x3  
  42  3:46  Drone x2  
  44  3:50  Drone  
  44  3:53  Overlord  
  45  3:56  Drone  
  46  4:15  Ravager  
  47  4:17  Roach  
  47  4:18  Roach  
  48  4:31  Extractor  
  48  4:35  Extractor  
  46  4:41  Zergling x8  
  46  4:42  Zergling x4  
  46  4:45  Overseer  
  52  4:58  Spine Crawler  
  52  4:59  Overlord x2  
  51  5:00  Drone x2, Spine Crawler  
  52  5:09  Glial Reconstitution  
  52  5:13  Drone, Extractor  
  52  5:14  Overlord  
  51  5:24  Roach  
  51  5:25  Roach x2  
  57  5:31  Drone x4  
  61  5:35  Drone  
  61  5:42  Drone x3  
  65  5:48  Overlord  
  65  5:49  Drone  
  63  6:14  Roach x6  
  63  6:15  Roach  
  73  6:22  Ravager x2  
  73  6:25  Ravager  
  74  6:29  Zergling x12  
  76  6:58  Roach x5  
  77  7:02  Roach  
  77  7:05  Roach  
  73  7:10  Burrow  
  72  7:19  Roach  
  72  7:20  Roach  
  73  7:30  Roach  
  73  7:32  Overlord  
  75  7:41  Drone  
  75  7:43  Overlord  
  76  7:58  Roach  
  64  8:03  Ravager x5  
  64  8:04  Zergling x2  
  64  8:05  Zergling x4  
  72  8:35  Overseer  
  72  8:36  Overseer x2  
  72  8:38  Pneumatized Carapace  
  73  8:55  Zergling x6  
  73  8:56  Zergling x18  
  73  8:58  Metabolic Boost  
  84  9:03  Drone x3  
  84  9:05  Evolution Chamber  
  84  9:07  Hatchery  
  84  9:08  Drone x4  
  73  9:26  Roach x4  
  73  9:43  Roach x4  
  73  9:44  Roach x2  
  65  9:56  Roach x2  
  69  10:01  Roach x3  
  69  10:02  Roach x2  
  69  10:05  Zerg Missile Weapons Level 1  
  79  10:10  Evolution Chamber  
  79  10:12  Ravager x3  
  81  10:14  Zergling x4  
  81  10:26  Drone x3  
  84  10:31  Drone x3, Extractor x2  
  85  10:38  Roach x3  
  85  10:41  Ravager  
  85  10:42  Ravager  
  93  10:51  Drone x3  
  93  10:52  Drone x2  
  98  10:57  Overlord x3  
  98  11:00  Zerg Ground Armor Level 1  
  98  11:12  Overlord x2  
  98  11:22  Overseer  
  98  11:27  Drone x3  
  98  11:29  Drone x2  
  98  11:30  Roach  
  98  11:31  Roach x3  
  111  11:40  Overlord  
  111  11:44  Spire  
  111  11:46  Infestation Pit, Roach  
  111  11:47  Roach x7  
  102  12:13  Roach x7  
  115  12:16  Extractor  
  115  12:18  Ravager x4  
  118  12:23  Hatchery  
  118  12:27  Hive  
  117  12:33  Queen  
  117  12:35  Roach x2  
  117  12:36  Roach  
  125  12:38  Drone  
  125  12:39  Drone  
  127  12:59  Roach  
  127  13:00  Roach x7  
  127  13:04  Overlord  
  143  13:05  Overlord  
  143  13:13  Zerg Missile Weapons Level 2  
  143  13:18  Overlord x2  
  136  13:35  Ravager x8  
  142  13:46  Roach x10  
  93  13:53  Corruptor  
  93  13:54  Corruptor  
  84  13:58  Corruptor  
  86  14:08  Greater Spire  
  83  14:12  Zerg Melee Weapons Level 1  
  83  14:19  Overseer  
  83  14:23  Corruptor x3  
  89  14:33  Zergling x2  
  89  14:34  Zergling x10  
  95  14:40  Drone x2  
  95  14:41  Drone x2  
  95  14:42  Drone  
  95  14:43  Drone  
  101  14:48  Drone x3  
  104  15:02  Drone x2  
  104  15:03  Drone x2  
  108  15:08  Corruptor x2  
  112  15:24  Zerg Flyer Weapons Level 1  
  112  15:27  Brood Lord  
  112  15:28  Brood Lord x3  
  93  15:43  Corruptor  
  93  15:44  Corruptor x2  
  89  16:04  Brood Lord  
  89  16:06  Brood Lord  
  93  16:14  Corruptor  
  95  16:41  Corruptor x2  
Show
View Real Time Build Order
Export as new Build Order

MattBarry Protoss - Winner!

Build Orders: Double Forge 

Get SALT Encoding   

  12  0:00  Probe  
  13  0:12  Probe  
  14  0:17  Pylon  
  14  0:24  Probe  
  15  0:36  Probe (Chrono Boost)  
  15  0:39  Gateway  
  16  0:48  Probe (Chrono Boost)  
  17  0:50  Assimilator  
  17  0:54  Probe (Chrono Boost)  
  18  1:03  Probe  
  19  1:15  Probe  
  20  1:27  Cybernetics Core, Probe  
  21  1:36  Pylon  
  21  1:39  Probe  
  22  1:51  Probe  
  22  1:53  Nexus  
  23  2:03  Warp Gate  
  23  2:04  Adept  
  23  2:05  Probe  
  26  2:11  Pylon  
  26  2:19  Assimilator, Probe  
  29  2:40  Stalker  
  29  2:43  Probe  
  30  2:52  Gateway x2  
  30  2:55  Probe  
  30  2:58  Pylon  
  31  3:07  Probe  
  32  3:24  Probe  
  33  3:28  Probe  
  34  3:37  Probe  
  34  3:40  Probe  
  36  3:41  Robotics Facility  
  36  3:49  Probe  
  36  3:51  Stalker x3  
  36  3:52  Probe  
  44  4:05  Probe x2  
  46  4:19  Pylon  
  46  4:35  Probe x2  
  48  4:39  Assimilator  
  48  4:40  Observer  
  48  4:41  Stalker x3  
  48  4:43  Assimilator  
  55  4:49  Pylon  
  55  4:52  Pylon  
  55  4:56  Forge  
  55  4:57  Forge  
  55  4:59  Twilight Council  
  55  5:00  Probe x2  
  57  5:09  Warp Prism  
  57  5:12  Probe x2  
  59  5:25  Probe  
  59  5:26  Probe  
  61  5:31  Robotics Bay  
  61  5:32  Nexus  
  61  5:37  Sentry x2  
  64  5:43  Protoss Ground Weapons Level 1 (Chrono Boost), Protoss Ground Armor Level 1 (Chrono Boost)  
  64  5:44  Pylon  
  64  5:45  Stalker  
  66  5:51  Charge (Chrono Boost)  
  66  5:57  Observer  
  67  6:10  Shield Battery  
  67  6:11  Shield Battery  
  67  6:12  Stalker x2  
  68  6:18  Stalker  
  68  6:25  Disruptor  
  70  6:31  Gateway  
  73  6:33  Gateway  
  73  6:38  Zealot x2  
  76  6:45  Zealot  
  72  7:02  Zealot x2  
  58  7:17  Zealot  
  60  7:23  Zealot x2  
  62  7:40  Zealot  
  62  7:41  Protoss Ground Weapons Level 2 (Chrono Boost), Zealot x2  
  62  7:42  Protoss Ground Armor Level 2 (Chrono Boost)  
  56  7:59  Zealot x2  
  60  8:07  Zealot x3  
  60  8:10  Observer  
  67  8:15  Probe x2  
  69  8:25  Zealot x2  
  73  8:27  Zealot, Probe x2  
  77  8:36  Pylon  
  77  8:37  Pylon  
  77  8:39  Pylon  
  67  8:50  Zealot x5  
  77  8:57  Blink  
  77  9:04  Observer  
  76  9:25  Zealot x4, Disruptor  
  76  9:26  Zealot  
  71  9:56  Zealot x5  
  81  10:01  Nexus  
  80  10:19  Protoss Ground Weapons Level 3 (Chrono Boost), Protoss Ground Armor Level 3 (Chrono Boost)  
  80  10:21  Stalker x5  
  88  10:26  Pylon  
  90  10:28  Pylon  
  90  10:31  Pylon  
  90  10:32  Templar Archives  
  90  10:36  Disruptor  
  93  10:51  Pylon  
  93  10:56  Shield Battery  
  93  10:59  Shield Battery  
  93  11:16  Probe x2  
  93  11:17  Probe  
  96  11:19  Psionic Storm  
  96  11:24  High Templar x4  
  96  11:25  Zealot  
  106  11:27  Archon  
  106  11:28  Archon  
  106  11:29  Probe x3  
  109  11:41  Probe x2  
  111  12:00  Probe  
  111  12:01  Probe x2  
  94  12:12  Zealot  
  94  12:13  Zealot x4  
  102  12:22  Assimilator  
  102  12:26  Assimilator  
  102  12:32  Gateway  
  102  12:34  Gateway  
  102  12:36  Gateway  
  102  12:37  High Templar x2  
  102  12:38  High Templar x2  
  102  12:39  Zealot  
  102  12:40  Gateway x2  
  102  12:41  Archon  
  102  12:42  Archon  
  112  12:51  Nexus  
  112  12:54  Pylon  
  112  12:56  Pylon  
  112  13:01  Zealot  
  114  13:22  Probe x3  
  114  13:25  Zealot x4  
  114  13:26  Zealot  
  128  13:34  Probe x3  
  94  14:00  Zealot x2  
  94  14:01  Zealot x5  
  94  14:02  Zealot x3  
  106  14:16  Assimilator  
  106  14:19  Assimilator, Probe x4  
  106  14:21  Pylon  
  110  14:26  High Templar x7  
  110  14:27  High Templar x3  
  110  14:30  Archon x3  
  110  14:31  Archon, Probe x2  
  132  14:32  Archon  
  132  14:39  Disruptor  
  132  14:42  Protoss Shields Level 1  
  135  15:01  Shield Battery  
  135  15:03  Photon Cannon, Zealot x2  
  135  15:04  Zealot x6  
  135  15:05  Photon Cannon  
  135  15:07  High Templar x2  
  153  15:08  Photon Cannon  
  155  15:15  Disruptor  
  142  16:10  Zealot x2  
  138  16:11  Zealot x4  
  138  16:12  Zealot x4  
  152  16:21  Archon  
  146  16:40  Stalker x8  
  146  16:41  Stalker x2  
Show
View Real Time Build Order
Export as new Build Order

MattBarry Zerg - Winner!

Build Orders: 1 Base Baneling Bust, Pool First 

Get SALT Encoding   

  12  0:00  Drone  
  13  0:13  Overlord  
  13  0:21  Drone  
  14  0:26  Extractor  
  13  0:36  Spawning Pool  
  13  0:40  Drone  
  13  0:48  Drone  
  14  0:50  Drone  
  14  0:53  Drone  
  16  1:05  Drone  
  17  1:24  Zergling x4  
  19  1:27  Queen  
  21  1:34  Metabolic Boost  
  21  1:35  Zergling x2  
  22  1:49  Extractor  
  22  1:50  Zergling x2  
  23  1:57  Overlord  
  23  2:20  Drone  
  24  2:24  Drone  
  24  2:43  Zergling x2  
  24  2:44  Zergling x6  
  25  3:00  Zergling x4  
  27  3:17  Baneling Nest  
  27  3:18  Hatchery  
  25  3:44  Drone x4  
  29  3:50  Roach Warren, Extractor  
  21  4:30  Queen, Hatchery  
  22  4:34  Lair  
  22  4:36  Zergling x4  
  22  4:37  Zergling x6, Overlord  
  22  4:38  Zergling x2  
  28  4:52  Zergling x8  
  32  4:59  Overlord  
  32  5:02  Overlord  
  32  5:13  Zergling x2  
  33  5:27  Baneling x3  
  33  5:28  Baneling x3  
  33  5:41  Roach x4  
  29  6:13  Roach  
  29  6:14  Roach x5  
  41  6:23  Roach  
  41  6:24  Drone x2  
  41  6:37  Overlord x2  
  23  7:08  Glial Reconstitution  
  23  7:11  Zergling x2, Drone  
  23  7:12  Drone x6  
  23  7:15  Zergling x2  
  32  7:24  Spine Crawler  
  31  7:40  Roach x2  
  31  7:41  Roach x2  
  31  7:42  Zergling x2  
  40  8:07  Queen  
  40  8:10  Drone  
  40  8:11  Drone  
  40  8:12  Drone x2, Overlord x2  
  46  8:14  Roach  
  46  8:19  Evolution Chamber  
  47  8:21  Evolution Chamber  
  47  8:27  Ravager x3  
  48  8:32  Drone x3  
  50  8:56  Queen  
  50  9:00  Roach  
  50  9:01  Roach x2, Overlord  
  58  9:10  Spine Crawler  
  58  9:16  Spine Crawler  
  52  9:25  Zergling x2  
  52  9:26  Zergling x14  
  60  9:32  Zerg Melee Weapons Level 1  
  52  9:47  Zergling x2  
  52  9:48  Zergling x12  
  58  10:10  Drone x7  
  63  10:23  Ravager x3  
  63  10:25  Overlord x3  
  66  10:39  Overlord  
  66  10:42  Hatchery  
  65  10:48  Extractor  
  64  10:57  Spire  
  64  10:59  Zerg Missile Weapons Level 1  
  64  11:03  Evolution Chamber  
  62  11:15  Extractor  
  61  11:37  Drone x5  
  61  11:38  Drone x7  
  61  11:39  Drone x2  
  75  11:55  Pneumatized Carapace  
  75  12:10  Roach  
  75  12:11  Roach x5  
  75  12:12  Roach  
  89  12:23  Queen  
  91  12:33  Zerg Ground Armor Level 1, Zerg Melee Weapons Level 2  
  91  12:39  Evolution Chamber  
  91  12:43  Infestation Pit  
  90  13:07  Roach x4, Overlord x3  
  90  13:08  Overlord x2  
  90  13:11  Extractor  
  97  13:19  Zergling x2  
  98  13:20  Zergling x6, Overlord x2  
  98  13:26  Hive  
  74  13:48  Zergling x2  
  74  13:49  Zergling x22  
  75  14:03  Mutalisk  
  75  14:04  Mutalisk x3  
  75  14:06  Roach  
  85  14:37  Drone x4  
  89  14:58  Hatchery  
  88  15:14  Adrenal Glands  
  88  15:17  Zergling x2  
  88  15:18  Zergling x36  
  73  16:03  Corruptor x3  
  73  16:04  Corruptor x4  
  71  16:09  Corruptor  
  71  16:10  Corruptor x2  
  87  16:14  Corruptor  
  87  16:25  Extractor  
  86  16:36  Corruptor  
  86  16:39  Corruptor  
Tags
 
Add a new tag
Caveats
  • Supply blocks, unpowered buildings, or Contaminate may cause inaccurate times.
  • Supply counts are checked every 10 seconds.